AoeStats
← Txan Der

Socotra

520574792Analyzed
1v1 RM · 4d ago on Nov 12, 2026· 31m 10s· 2 players
Game mode
Random Map
Map size
96×96
Population
200
Speed
Normal
Resources
Standard
Victory
Conquest
Starting age
Dark Age
Ending age
Imperial Age
RankedLock teamsTeams togetherTeam positionsShared explorationLock speedFull tech treeHidden civsTurbo modeCheats
Victory
Defeat
🇬🇧 Bulgarians · United Kingdom
1006
+17
vs
🇪🇸 Burmese · Spain
1031
-17
Max
7:56 Loom
10:30 Feudal Age
12:11 Double-Bit Axe
14:44 Arson
15:02 Horse Collar
17:41 Forging
17:32 Scale Mail Armor
25:32 Castle Age
26:55 Iron Casting
28:36 Chain Mail Armor
28:40 Squires
29:04 Gambesons
Txan Der
7:38 Loom
10:22 Feudal Age
10:53 Horse Collar
11:38 Man-at-Arms
17:53 Forging
20:46 Scale Mail Armor
28:50 Castle Age
28:51 Long Swordsman
30:41 Iron Casting
30:12 Squires
Connection lost

Rejoining the realm…

Still unreachable

The connection could not be restored.

Session expired

The server has moved on; the page needs a fresh start.